 Dungeon Crawl Stone Soup version 0.29.0-7-g18a832c13a (webtiles) character file.

Game seed: 14534566143254625761

42 Zeldest the Chopper (level 3, -3/33 HPs)
             Began as a Hill Orc Monk on Aug 31, 2022.
             Slain by a goblin
             ... wielding a +0 dagger
             ... led by Robin
              (5 damage)
             ... on level 2 of the Dungeon.
             The game lasted 00:01:24 (1279 turns).

Zeldest the Chopper (Hill Orc Monk)                 Turns: 1279, Time: 00:01:25

Health: -3/33      AC:  6    Str: 15    XL:     3   Next: 56%
Magic:  3/3        EV: 10    Int: 10    God:
Gold:   68         SH:  0    Dex: 13    Spells: 2/2 levels left

rFire   . . .      SeeInvis .   a - +0 hand axe
rCold   . . .      Faith    .   (no shield)
rNeg    . . .      Spirit   .   d - +0 scale mail
rPois   .          Reflect  .   (no helmet)
rElec   .          Harm     .   (no cloak)
rCorr   .          Rampage  .   (no gloves)
Will    .....                   (no boots)
Stlth   ..........              (no amulet)
HPRegen 0.11/turn               (no ring)
MPRegen 0.08/turn               (no ring)

@: confused, lethally poisoned (-3 -> -12), ambrosia-drunk
A: no striking features
a: no special abilities


You were on level 2 of the Dungeon.
You visited 1 branch of the dungeon, and saw 2 of its levels.

You collected 68 gold pieces.

Inventory:

Hand Weapons
 a - a +0 hand axe (weapon)
Armour
 d - a +0 scale mail (worn)
Scrolls
 e - a scroll of identify {unknown}
 f - a scroll of teleportation {unknown}
 g - a scroll of acquirement {unknown}
Potions
 b - a potion of heal wounds {unknown}
 h - a potion of flight {unknown}


   Skills:
 + Level 4.2 Fighting
 * Level 5.4 Axes
 - Level 2.4 Dodging
 - Level 1.5 Stealth


You had 2 spell levels left.
You didn't know any spells.
Your spell library was empty.

Dungeon Overview and Level Annotations

Branches:
Dungeon (2/15)

Altars:
Makhleb

Shops:
D:1 *(!(

Annotations:
D:2 Robin


Message History

You kill the hobgoblin!
You closely miss the goblin. The goblin attacks as you move away!
The goblin closely misses you. The goblin hits you with a +0 dagger.
You see here a +0 club.
You closely miss the goblin. You hit the goblin.
The goblin hits you with a +0 dagger. x2; Robin throws the goblin at you!
The goblin barely misses you.
You hit the goblin.
The goblin is heavily wounded.
You closely miss the goblin. You hit the goblin. You miss the goblin.
The goblin barely misses you. The goblin hits you with a +0 dagger.
* * * LOW HITPOINT WARNING * * *
The goblin hits you with a +2 dagger of venom.
* * * LOW HITPOINT WARNING * * *
You are poisoned.
The goblin hits you but does no damage.
Okay, then.
You are confused.
You feel invigorated.
You feel sick. The goblin hits you but does no damage.
The goblin misses you. x2; The goblin hits you with a +0 dagger.
* * * LOW HITPOINT WARNING * * *
You slash the goblin!
You kill the goblin!
You closely miss the goblin. You hit the goblin. You closely miss the goblin.
You feel sick. The goblin hits you but does no damage.
The goblin hits you with a +2 dagger of venom!
* * * LOW HITPOINT WARNING * * *
The goblin hits you but does no damage.
You barely miss the goblin. You hit the goblin.
You kill the goblin!
You closely miss the goblin.
You feel sick.
The goblin no longer looks unusually strong.
Robin roars a battlecry!
The goblin goes into a battle-frenzy!
The goblin hits you with a +2 dagger of venom.
* * * LOW HITPOINT WARNING * * *
You are more poisoned.
The goblin hits you with a +0 dagger.
You die...

##..## .....# ##....#
.....# ######### .
..###..#.# #........ ...
.....#.# #........
.....###).#.#####........
....gggg)g......'........
#####.##@)#.#####........
# #..#.# #........ #..#.#
#........ #..#.#
######### #..#.# #..#.#
#..#.# #..#.#


You could see Robin and 4 goblins.

Vanquished Creatures
  2 dart slugs
  5 ball pythons (D:1)
  4 endoplasms
  2 giant cockroaches (D:1)
  7 goblins (D:2)
  5 hobgoblins
  4 quokkas (D:1)
  3 kobolds (D:1)
  A rat (D:1)
33 creatures vanquished.

Vanquished Creatures (others)
  3 plants (D:1)
3 creatures vanquished.

Grand Total: 36 creatures vanquished

Notes
Turn   | Place    | Note
-------+----------+-------------------------------------------
     0 | D:1      | Zeldest the Hill Orc Monk began the quest for the Orb.
     0 | D:1      | Reached XP level 1. HP: 19/19 MP: 1/1
    52 | D:1      | Found Xaca's General Store.
   101 | D:1      | Reached XP level 2. HP: 21/27 MP: 2/2
   216 | D:1      | Found Fionidoxt's Antique Weapon Shop.
   334 | D:1      | Found Usarr's Antique Weapon Emporium.
   356 | D:1      | Found Oqiseic's Distillery.
   714 | D:1      | Reached skill level 5 in Axes
   730 | D:1      | Reached XP level 3. HP: 24/33 MP: 3/3
  1067 | D:2      | Found a burning altar of Makhleb.
  1265 | D:2      | Noticed Robin
  1279 | D:2      | Slain by a goblin

Illustrated notes

Levels and vault maps discovered:
D:1:      dpeg_arrival_tiny_i, layout_rooms, serial_shops, shop,
          nicolae_shop_temple_entry_statues_fountains, shop, shop,
          chequers_big_river, minivault_4, chequers_jeans
D:2:      layout_basic, basic_altar, uniq_robin

Skill      XL: |  1  2 |
---------------+-------+-----
Fighting       | 4 |  4.2
Axes           | 5 |  5.4
Dodging        | |  2.4
Stealth        | |  1.5

Action                   || total
-------------------------++-------
Melee: Hand axe          ||   115
  Use: Potion            ||     1
 Stab: Sleeping          ||     1
Armor: Scale mail        ||    41
Dodge: Dodged            ||    51
